 Dungeon Sprint DCSS version 0.30.1-9-gdf580d7c3d (webtiles) character file.

Game seed: 7442952175984613319

1290 Heoruswealwe the Impaler (level 8, 0/82 HPs)
             Began as a Minotaur Fighter on Sept 29, 2023.
             Was an Initiate of Gozag.
             Slain by a jumping spider (shapeshifter) (3 damage)
             ... in the Dungeon (Sprint IX: "|||||||||||||||||||||||||||||").
             The game lasted 00:03:16 (168 turns).

Heoruswealwe the Impaler (Minotaur Fighter)          Turns: 168, Time: 00:03:17

Health: 0/82       AC: 14    Str: 23    XL:     8   Next: 30%
Magic:  7/7        EV:  9    Int:  5    God:    Gozag
Gold:   45         SH:  0    Dex: 10    Spells: 7/7 levels left

rFire   . . .        b - +2 halberd (venom)
rCold   . . .        (shield currently unavailable)
rNeg    . . .        c - +1 chain mail
rPois   .            (helmet restricted)
rElec   .            (no cloak)
rCorr   .            f - +0 pair of gloves
SInv    .            (no boots)
Will    .....        (no amulet) Stlth
                     (no ring)
HPRegen 0.33/turn    (no ring)
MPRegen 0.10/turn

%: no teleportation
@: no status effects
A: horns 2, retaliatory headbutt
a: Renounce Religion, Potion Petition, Call Merchant, Bribe Branch


You were in the Dungeon.
You worshipped Gozag.
Gozag was noncommittal.
You visited 1 branch You collected 45 gold pieces.

Inventory:

Hand Weapons
 a - a +0 trident
 b - a +2 halberd of venom (weapon)
Armour
 c - a +1 chain mail (worn)
 d - a +0 buckler
 f - a +0 pair of gloves (worn)
Wands
 h - a wand of roots (10)
Scrolls
 j - 2 scrolls of blinking
Potions
 e - 4 potions of curing
 g - a potion of haste
 i - a potion of berserk rage
 k - a potion of might
 l - a potion of heal wounds


   Skills:
 + Level 11.6 Fighting
 * Level 15.5 Polearms
 + Level 11.6 Armour
 - Level 3.6 Shields


You had 7 spell levels left.
You didn't know any spells.
Your spell library was empty.

Dungeon Overview and Level Annotations

Branches:
Dungeon (1/1)

Altars:
Cheibriados
Dithmenos
Elyvilon
Fedhas
Gozag
Hepliaklqana
Kikubaaqudgha
Makhleb
Nemelex Xobeh
Okawaru
Qazlal
Ru
Sif Muna
Trog
Uskayaw
Vehumet
Wu Jian
Xom
Yredelemnul
Zin
The Shining One
Jiyva
Lugonu


Innate Abilities, Weirdness & Mutations

You have a pair of horns on your head.
You reflexively headbutt those who attack you in melee.


Message History

The wraith drains your vigour!
You feel yourself slow down.
You hit the wraith. You headbutt the wraith!
You destroy the wraith!
The howler monkey is distracted by your dazzling golden aura.
You see here 63 gold pieces.
You closely miss the howler monkey.
The howler monkey is no longer distracted by gold.
The howler monkey howls!
The howler monkey hits you but does no damage.
You closely miss the howler monkey. Your headbutt misses the howler monkey.
The howler monkey hits you but does no damage.
You slice the howler monkey!!
You kill the howler monkey!
You now have 45 gold pieces.
You feel yourself speed up.
You open the door.
A cyclops, a skeletal warrior, a komodo dragon, a jumping spider, an eight-headed hydra and a vampire mosquito come into view.
The cyclops shouts!
The komodo dragon hisses angrily.
The jumping spider's many legs skitter faintly.
The vampire mosquito buzzes angrily.
The jumping spider leaps!
The cyclops hits you.
* * * LOW HITPOINT WARNING * * *
There is an open door here.
You hit the cyclops.
The cyclops is poisoned.
The cyclops is lightly wounded.
The jumping spider pounces on you.
* * * LOW HITPOINT WARNING * * *
The jumping spider bites you but does no damage.
The cyclops hits you!
* * * LOW HITPOINT WARNING * * *
You slash the cyclops!
The cyclops looks as sick as possible!
The cyclops is moderately wounded.
The jumping spider completely misses you.
The jumping spider bites you.
* * * LOW HITPOINT WARNING * * *
You slash the cyclops!
The cyclops looks as sick as possible!
The cyclops is heavily wounded.
The jumping spider pounces on you.
You die...
Your body crumbles into a pile of gold.

▓.▓
$ $
▓$▓
▓$▓
$ $
▓.▓
$
▓.▓
$ $
▓.▓
$
▓.▓
$
▓s▓
▓@▓
▓C▓
▓z▓
▓l▓
▓D▓
▓y▓
▓.▓
▓+▓


You could see an eight-headed hydra, a skeletal warrior, a cyclops (extremely
poisoned), a komodo dragon, a jumping spider and a vampire mosquito.

Vanquished Creatures
  A two-headed ogre (D)
  A troll (D)
  A wraith (D)
  A yak (D)
  A centaur (D)
  2 howler monkeys (D)
  A jelly (D)
  A gnoll (D)
  An adder (D)
  An orc (D)
  A bat (D)
  An endoplasm (D)
  A goblin (D)
  A kobold (D)
  A rat (D)
16 creatures vanquished.

Notes
Turn   | Place    | Note
-------+----------+-------------------------------------------
     0 | D        | Heoruswealwe the Minotaur Fighter began the quest for the
                  | Orb.
     0 | D        | Reached XP level 1. HP: 19/19 MP: 0/0
     8 | D        | Reached skill level 3 in Polearms
    27 | D        | Noticed a jelly
    27 | D        | Noticed a howler monkey
    36 | D        | Reached skill level 4 in Polearms
    36 | D        | Reached XP level 2. HP: 25/28 MP: 1/1
    43 | D        | Reached skill level 5 in Fighting
    43 | D        | Reached skill level 6 in Polearms
    43 | D        | Reached skill level 5 in Armour
    43 | D        | Reached XP level 3. HP: 35/36 MP: 2/2
    50 | D        | Reached skill level 7 in Polearms
    50 | D        | Reached XP level 4. HP: 41/44 MP: 3/3
    61 | D        | Found a snail-covered altar of Cheibriados.
    61 | D        | Found a shadowy altar of Dithmenos.
    61 | D        | Found a white marble altar of Elyvilon.
    61 | D        | Found a blossoming altar of Fedhas.
    61 | D        | Found an opulent altar of Gozag.
    62 | D        | Found a hazy altar of Hepliaklqana.
    63 | D        | Found a viscous altar of Jiyva.
    64 | D        | Found an ancient bone altar of Kikubaaqudgha.
    65 | D        | Found a corrupted altar of Lugonu.
    66 | D        | Found a burning altar of Makhleb.
    67 | D        | Found a sparkling altar of Nemelex Xobeh.
    68 | D        | Found an iron altar of Okawaru.
    69 | D        | Became a worshipper of Gozag Ym Sagoz the Greedy
    70 | D        | Found a stormy altar of Qazlal.
    71 | D        | Found a sacrificial altar of Ru.
    72 | D        | Found a shimmering blue altar of Sif Muna.
    73 | D        | Found a bloodstained altar of Trog.
    74 | D        | Found a hide-covered altar of Uskayaw.
    75 | D        | Found a radiant altar of Vehumet.
    76 | D        | Found an ornate altar of the Wu Jian Council.
    77 | D        | Found a shimmering altar of Xom.
    78 | D        | Found a basalt altar of Yredelemnul.
    79 | D        | Found a glowing silver altar of Zin.
    80 | D        | Found a glowing golden altar of the Shining One.
   135 | D        | Noticed a two-headed ogre
   135 | D        | Noticed a centaur
   135 | D        | Noticed a yak
   135 | D        | Noticed a troll
   135 | D        | Noticed a wraith
   141 | D        | Killed a two-headed ogre
   142 | D        | Reached skill level 10 in Fighting
   142 | D        | Reached skill level 13 in Polearms
   142 | D        | Reached skill level 10 in Armour
   142 | D        | Reached XP level 5. HP: 29/58 MP: 4/4
   142 | D        | Reached XP level 6. HP: 33/66 MP: 5/5
   142 | D        | Reached XP level 7. HP: 36/72 MP: 6/6
   145 | D        | Killed a yak
   146 | D        | Reached skill level 14 in Polearms
   148 | D        | Killed a troll
   149 | D        | Reached skill level 15 in Polearms
   149 | D        | Reached XP level 8. HP: 27/82 MP: 7/7
   164 | D        | Noticed a cyclops
   164 | D        | Noticed a skeletal warrior
   164 | D        | Noticed a komodo dragon
   164 | D        | Noticed a jumping spider
   164 | D        | Noticed an eight-headed hydra
   167 | D        | HP: 3/82 [jumping spider (shapeshifter) (4)]
   168 | D        | Slain by a jumping spider (shapeshifter)

Illustrated notes

Levels and vault maps discovered:
D:        linesprint [early_d, line_temple, items_1, d_10, items_2, lair_1,
          lair_end, items_3, orc_1, orc_end, items_4, d_15, swamp_1, shoals_1,
          snake_1, spider_1, d_20, vaults_1, items_5, swamp_end, shoals_end,
          snake_end, spider_end, vaults_end, d_27, items_6, zot_1, zot_end,
          crypt_end, forest_end, elf_end, slime_end, tomb_end, abyss_end,
          pan_hell_end]

Skill      XL: |  1  2  3  4  5  6  7 |
---------------+----------------------+-----
Polearms       | 4 6 7 13 15 | 15.5
Fighting       | 4 5 6 10 11 | 11.6
Armour         | 4 5 6 10 11 | 11.6
Shields        | |  3.6

Action                     |  1- 3 |  4- 6 |  7- 9 || total
---------------------------+-------+-------+-------++-------
  Melee: Trident           |    33 |     3 |       ||    36
         Halberd           |       |     4 |    17 ||    21
         Headbutt          |       |       |     6 ||     6
    Use: Potion            |     1 |     2 |       ||     3
 Armour: Scale mail        |    15 |       |       ||    15
         Chain mail        |       |     1 |     4 ||     5
  Dodge: Dodged            |    19 |     2 |     6 ||    27
  Block: Buckler           |     6 |     1 |       ||     7
